 Dungeon Crawl Stone Soup version 0.29.1-15-g9cfb28693d (webtiles) character file.

Game seed: 15867635822784257854

6949 ChrisAssaf the Sneak (level 10, -11/72 HPs)
             Began as a Grey Draconian Enchanter on Apr 28, 2023.
             Was the Champion of Ru.
             Mangled by a komodo dragon (31 damage)
             ... on level 1 of the Lair of Beasts.
             The game lasted 00:39:38 (13033 turns).

ChrisAssaf the Sneak (Grey Draconian Enchanter)    Turns: 13033, Time: 00:39:39

Health: -11/72     AC: 15    Str: 12    XL:     10   Next: 80%
Magic:  4/17       EV: 11    Int: 20    God:    Ru [******]
Gold:   84         SH:  0    Dex:  7    Spells: 6/19 levels left

rFire   . . .      SeeInvis +   n - +8 trident of the Octopus King {venom, rElec rPois}
rCold   . . .      Faith    +   (shield unavailable)
rNeg    . . .      Spirit   .   (body armour unavailable)
rPois   +          Reflect  .   (helmet restricted)
rElec   +          Harm     +   B - -1 cloak of the Dragon {Str+2}
rCorr   .          Rampage  +   g - +2 pair of gloves
Will    .....                   (no boots)
Stlth   +++.......              C - amulet "Qois Tis" {Faith Harm Rampage rPois Dex-5}
HPRegen 0.22/turn               (ring unavailable)
MPRegen 0.15/turn               H - ring of see invisible

@: exhausted
A: AC +12, amphibious, unfitting armour, frail 1, cold-blooded, missing a hand,
inability to train dodging, sense surroundings 1
a: Renounce Religion, Draw Out Power, Power Leap, Apocalypse


You were on level 1 of the Lair of Beasts.
You worshipped Ru.
Ru was exalted by your worship.
You visited 2 branches of the dungeon, and saw 9 of its levels.
You also visited: Sewer and Bailey.

You collected 948 gold pieces.
You spent 864 gold pieces at shops.

Inventory:

Hand Weapons
 a - a +3 dagger of flaming
 n - the +8 trident of the Octopus King (weapon) {venom, rElec rPois}
   (You found it on level 5 of the Dungeon)

   It poisons the flesh of those it strikes.
   rElec:     It insulates you from electricity.
   rPois:     It protects you from poison.
Missiles
 k - 5 datura-tipped darts (quivered)
 o - 3 curare-tipped darts
 s - 3 javelins
 u - 15 poisoned darts
 z - 4 throwing nets
Armour
 g - a +2 pair of gloves (worn)
 B - the -1 cloak of the Dragon (worn) {Str+2}
   (You bought it in a shop on level 1 of the Dungeon)

   Str:       It affects your strength (+2).
Jewellery
 l - a +4 ring of slaying
 C - the amulet "Qois Tis" (around neck) {Faith Harm Rampage rPois Dex-5}
   (You found it on level 6 of the Dungeon)

   [amulet of faith]

   It allows you to gain divine favour quickly.
   Dex:       It affects your dexterity (-5).
   rPois:     It protects you from poison.
   Harm:      It increases damage dealt and taken.
   Rampage:   It bestows one free step when moving towards enemies.
 G - an amulet of reflection
 H - a ring of see invisible (right hand)
 J - a +4 ring of evasion
Wands
 x - a wand of roots (4)
Scrolls
 c - 4 scrolls of poison
 f - a scroll of amnesia
 m - 2 scrolls of butterflies
 r - 5 scrolls of teleportation
 t - 3 scrolls of noise
 v - a scroll of vulnerability
 y - 5 scrolls of identify
 A - 3 scrolls of enchant armour
 F - 2 scrolls of magic mapping
 I - a scroll of enchant weapon
 K - a scroll of immolation
Potions
 b - 3 potions of invisibility
 d - 3 potions of lignification {unknown}
 e - 2 potions of brilliance {unknown}
 h - a potion of mutation
 i - 5 potions of might {unknown}
 j - 4 potions of curing
 p - 4 potions of flight
 q - 4 potions of magic {unknown}
 w - a potion of heal wounds {unknown}
 E - a potion of resistance {unknown}
Miscellaneous
 D - a lightning rod (3/4)


   Skills:
 * Level 4.3 Fighting
 * Level 4.3 Short Blades
 * Level 5.1 Polearms
 * Level 3.3 Throwing
 * Level 7.1 Stealth
 + Level 0.1 Unarmed Combat
 * Level 5.1 Spellcasting
 * Level 3.5 Conjurations
 * Level 5.2 Hexes
 * Level 3.2 Transmutations
 * Level 3.1 Fire Magic
 * Level 3.9 Ice Magic
 * Level 2.9 Air Magic
 * Level 3.5 Poison Magic
 * Level 3.5 Evocations


You had 6 spell levels left.
You knew the following spells:

 Your Spells              Type           Power      Damage    Failure   Level
a - Ensorcelled Hibernat  Hex/Ice        46%        N/A       2%          2
b - Tukima's Dance        Hex            26%        N/A       4%          3
c - Mephitic Cloud        Conj/Pois/Air  18%        N/A       9%          3
d - Ignite Poison         Fire/Tmut/Pois 18%        N/A       9%          3
e - Passwall              Tmut/Erth      9%         N/A       9%          2

Your spell library contained the following spells:

 Spells                   Type           Power      Damage    Failure   Level
 Magic Dart               Conj           76%        1d6       2%          1
 Confusing Touch          Hex            26%        N/A       4%          3
 Dazzling Flash           Conj/Hex       44%        N/A       6%          3
 Conjure Flame            Conj/Fire      18%        6-21      9%          3
 Spider Form              Tmut/Pois      18%        N/A       9%          3
 Swiftness                Air            17%        N/A       10%         3
 Portal Projectile        Hex/Tloc       30%        N/A       12%         3
 Summon Guardian Golem    Hex/Summ       15%        N/A       12%         3
 Call Imp                 Summ           5%         N/A       17%         2
 Sticky Flame             Conj/Fire      18%        2d4       28%         4
 Anguish                  Hex/Necr       7%         N/A       36%         4
 Freezing Cloud           Conj/Ice/Air   9%         6-21      58%         5
 Blade Hands              Tmut           8%         N/A       65%         5
 Orb of Destruction       Conj           9%         9d6       100%        7
 Spellforged Servitor     Conj/Summ      6%         N/A       100%        7


Dungeon Overview and Level Annotations

Branches:
Dungeon (8/15)             Temple (0/1) D:7            Lair (1/5) D:8
  Sewer (visited)          Bailey (visited)

Altars:
Cheibriados
Okawaru
Qazlal
Ru

Shops:
D:1 [   D:3 ?   D:7 (?*   D:8 (


Innate Abilities, Weirdness & Mutations

Your dull iron-grey scales are very hard. (AC +12)
You are amphibious.
You cannot fit into any form of body armour.
You are frail. (-10% HP)
You are cold-blooded and may be slowed by cold attacks.
You are missing a hand.
You cannot train Dodging skill.
You passively map a small area around you.


Message History

y - 5 scrolls of identify (gained 1)
Casting: Ensorcelled Hibernation (safe; 2% risk of failure)
Confirm with . or Enter, or press ? or * to list all spells.
Aiming: Ensorcelled Hibernation (safe; 2% risk of failure)
Press: ? - help, Shift-Dir - straight line, f - komodo dragon
Aim: a komodo dragon (chance to affect: 37%)
The komodo dragon easily resists.
The komodo dragon bites you but does no damage.
Unknown command.
Casting: Ensorcelled Hibernation (safe; 2% risk of failure)
Confirm with . or Enter, or press ? or * to list all spells.
Aiming: Ensorcelled Hibernation (safe; 2% risk of failure)
Press: ? - help, Shift-Dir - straight line, f/p - komodo dragon
Aim: a komodo dragon (chance to affect: 37%)
The komodo dragon easily resists.
You redirect the komodo dragon's attack!
The komodo dragon bites itself!!
Throw: 5 darts (datura)
Press: ? - help, Q - select action, (/) - cycle Shift-Dir - straight line, f/p - komodo dragon
Aim: a komodo dragon (heavily wounded, not watching you, 64% to hit, chance to frenzy on hit: 41%)
Okay, then.
Casting: Ensorcelled Hibernation (safe; 2% risk of failure)
Confirm with . or Enter, or press ? or * to list all spells.
Aiming: Ensorcelled Hibernation (safe; 2% risk of failure)
Press: ? - help, Shift-Dir - straight line, f/p - komodo dragon
Aim: a komodo dragon (heavily wounded, not watching you, chance to affect: 37%)
The komodo dragon looks drowsy...
The helpless komodo dragon fails to defend itself.
You hit the komodo dragon.
The komodo dragon is poisoned.
The komodo dragon is severely wounded.
The komodo dragon bites you!!
* * * LOW HITPOINT WARNING * * *
The komodo dragon attacks as you move away!
The komodo dragon barely misses you.
You feel better. The komodo dragon closely misses you.
You puncture the komodo dragon!
The komodo dragon looks as sick as possible!
The komodo dragon is almost dead.
The komodo dragon bites you!!
You die...

.⌠.⌠.⌠..⌠††....#......P.
, ,
...............#.....)+
.......†..............#
#..⌠..###.##....#.###.#.
,
.#......†##.............
.##.....................
, .
##...⌠................ ,
, .....#....l....... , ,
.....+....@....... ,,
........###.P#.##. , +
.###... * .#### #....
*,.. * .... ... , ... ,,
.... , , ,, , ....# * *
, ..... , , * ,


You could see a komodo dragon (extremely poisoned).

Vanquished Creatures
  The ghost of Horez the Slasher, a novice MfGl (D:6)
  A gargoyle (D:6)
  Psyche (D:8)
  Prince Ribbit (D:7)
  5 yaks (Lair:1)
  A basilisk (Lair:1)
  A steam dragon (D:7)
  2 wargs (D:8)
  2 water moccasins
  A sky beast (D:7)
  4 ice beasts
  An orc warrior (D:8)
  6 wolves (Bailey)
  3 ogres (D:6)
  A centaur (D:6)
  2 phantoms
  2 kobold brigands
  3 bullfrogs
  8 gnoll sergeants
  A necrophage (D:6)
  2 scorpions
  7 hounds
  3 jellies
  4 orc priests
  5 gnoll boudas (Bailey)
  3 iguanas (D:5)
  4 orc wizards
  13 gnolls
  9 adders
  4 river rats (Sewer)
  5 white imps
  An ufetubus (D:4)
  4 worms
  A dart slug (D:1)
  19 orcs
  18 ball pythons
  15 bats
  10 endoplasms
  13 giant cockroaches
  8 goblins
  3 hobgoblins (D:1)
  7 jackals
  9 quokkas
  7 frilled lizards
  11 kobolds
  8 rats
240 creatures vanquished.

Vanquished Creatures (collateral kills)
  Pikel (D:7)
  An orc warrior (D:8)
  An ogre (D:5)
  A gnoll sergeant (Bailey)
  A hound (D:5)
  A gnoll bouda (Bailey)
  An orc wizard (D:7)
  A gnoll (Bailey)
  A shadow imp (D:5)
  3 orcs
  A bat (D:2)
  A goblin (D:2)
  2 kobolds
16 creatures vanquished.

Vanquished Creatures (others)
  A yak (Lair:1)
  4 dancing weapons
  3 kobolds (D:8)
  2 demonic plants (D:4)
  A fungus (Lair:1)
  5 plants
16 creatures vanquished.

Grand Total: 272 creatures vanquished

Notes
Turn   | Place    | Note
-------+----------+-------------------------------------------
     0 | D:1      | ChrisAssaf the Draconian Enchanter began the quest for the
                  | Orb.
     0 | D:1      | Reached XP level 1. HP: 14/14 MP: 3/3
   184 | D:1      | Reached XP level 2. HP: 20/20 MP: 5/5
   225 | D:2      | Found a faded altar of an unknown god.
   228 | D:2      | Prayed at the altar of an unknown god.
   228 | D:2      | Became a worshipper of Ru the Awakened
   230 | D:2      | Gained mutation: You are missing a hand. [Ru sacrifice]
   230 | D:2      | Reached * piety under Ru
   230 | D:2      | Reached ** piety under Ru
   239 | D:1      | Found Aniogaa's Antique Armour Shoppe.
   258 | D:1      | Reached skill level 3 in Stealth
   267 | D:1      | Learned a level 2 spell: Ensorcelled Hibernation
   938 | D:1      | Reached XP level 3. HP: 27/27 MP: 1/6
   942 | D:1      | Learned a level 3 spell: Tukima's Dance
  2088 | D:2      | Reached skill level 1 in Fighting
  2301 | D:2      | Reached XP level 4. HP: 35/35 MP: 0/7
  2621 | D:3      | Found a snail-covered altar of Cheibriados.
  2715 | D:3      | Found Giczipsu's Magic Scroll Shoppe.
  2749 | D:3      | Bought a scroll of identify for 20 gold pieces
  2749 | D:3      | Bought a scroll of summoning for 95 gold pieces
  2853 | D:3      | Gained mutation: You cannot train Dodging skill. [Ru
                  | sacrifice]
  2853 | D:3      | Reached *** piety under Ru
  2853 | D:3      | Reached **** piety under Ru
  2853 | D:3      | Reached ***** piety under Ru
  3088 | D:3      | Reached XP level 5. HP: 32/40 MP: 0/8
  3239 | D:3      | Reached skill level 4 in Stealth
  3255 | D:3      | Learned a level 3 spell: Mephitic Cloud
  3389 | D:3      | Found an iron altar of Okawaru.
  4341 | D:4      | Reached skill level 1 in Ice Magic
  4943 | D:4      | Noticed a water moccasin
  4944 | D:4      | You fall into a shaft and drop 2 floors!
  4967 | D:6      | Found a stormy altar of Qazlal.
  5217 | D:6      | Reached XP level 6. HP: 47/47 MP: 7/10
  5303 | D:5      | Entered Level 5 of the Dungeon
  5373 | D:5      | Found a glowing drain.
  5378 | Sewer    | Entered a sewer
  5647 | Sewer    | Gained mutation: You are frail. (-10% HP) [Ru sacrifice]
  5647 | Sewer    | Reached ****** piety under Ru
  5696 | Sewer    | Reached skill level 1 in Throwing
  5813 | Sewer    | Gained mutation: You passively map a small area around you.
                  | [potion of mutation]
  6058 | Sewer    | Learned a level 3 spell: Ignite Poison
  6757 | D:5      | Reached skill level 1 in Conjurations
  6947 | D:5      | Reached skill level 1 in Air Magic
  6947 | D:5      | Reached skill level 1 in Poison Magic
  6953 | D:5      | Your scales start taking on a dull iron-grey colour.
  6953 | D:5      | Reached XP level 7. HP: 38/49 MP: 0/11
  6991 | D:5      | Reached skill level 1 in Air Magic
  6991 | D:5      | Reached skill level 1 in Evocations
  7018 | D:5      | Found the +8 trident of the Octopus King {venom, rElec
                  | rPois}
  8130 | D:1      | Bought a smouldering cloak for 237 gold pieces
  8130 | D:1      | Identified the -1 cloak of the Dragon {Str+2} (You bought
                  | it in a shop on level 1 of the Dungeon)
  8421 | D:6      | Noticed a gargoyle
  8433 | D:6      | Reached skill level 5 in Stealth
  8445 | D:6      | Reached XP level 8. HP: 55/55 MP: 13/13
  8480 | D:6      | Killed a gargoyle
  8481 | D:6      | Reached skill level 1 in Polearms
  8481 | D:6      | Reached skill level 1 in Transmutations
  8481 | D:6      | Reached skill level 1 in Fire Magic
  9015 | D:6      | Noticed Horez's ghost (novice MfGl)
  9016 | D:6      | Found a transporter.
  9483 | D:6      | Found a transporter.
  9502 | D:6      | Killed Horez's ghost
  9503 | D:6      | Reached XP level 9. HP: 53/63 MP: 6/15
  9518 | D:6      | Identified the amulet "Qois Tis" {Faith Harm Rampage rPois
                  | Dex-5}
  9655 | D:7      | Found a flagged portal.
  9681 | Bailey   | Entered a bailey
  9962 | Bailey   | Reached skill level 6 in Stealth
 10447 | Bailey   | Identified the +5 short sword of Sloth {drain, rElec rF+
                  | rC+ Will+}
 10774 | Bailey   | Learned a level 2 spell: Passwall
 11002 | D:7      | Found Zanne's General Store.
 11015 | D:7      | Reached XP level 10. HP: 70/70 MP: 13/17
 11027 | D:7      | Noticed Pikel
 11038 | D:7      | Bought a lightning rod (4/4) for 450 gold pieces
 11038 | D:7      | Bought a scroll of identify for 30 gold pieces
 11047 | D:7      | Killed Pikel
 11119 | D:7      | Noticed Prince Ribbit
 11123 | D:7      | Killed Prince Ribbit
 11173 | D:7      | Reached skill level 5 in Hexes
 11177 | D:7      | Found Kyrr's Weapon Shoppe.
 11524 | D:7      | Found a staircase to the Ecumenical Temple.
 11539 | D:7      | Found Momol's Magic Scroll Boutique.
 11542 | D:7      | Bought a scroll of identify for 32 gold pieces
 11675 | D:8      | Noticed Psyche
 11704 | D:8      | Killed Psyche
 11974 | D:8      | Found a staircase to the Lair.
 11976 | D:8      | Reached skill level 5 in Spellcasting
 12549 | D:8      | Found Cepafrik's Hydra Hut.
 12550 | D:8      | Noticed a four-headed hydra
 12956 | Lair:1   | Entered Level 1 of the Lair of Beasts
 12987 | Lair:1   | Noticed a cane toad
 12999 | Lair:1   | Reached skill level 5 in Polearms
 12999 | Lair:1   | Reached skill level 7 in Stealth
 13033 | Lair:1   | Mangled by a komodo dragon

Illustrated notes

Levels and vault maps discovered:
D:1:      heliophobic_arrival_enchanted_forest, layout_loops_corners,
          serial_shops, nicolae_shop_hallway_stairs, minmay_box_of_dots
D:2:      layout_loops_ring, nicolae_ecumenical_oubliette
D:3:      layout_loops_corners, mainiacjoe_overflow_boulevard, slow_altar_1,
          serial_shops, shop_coins
D:4:      layout_gridville, serial_demonic, serial_demonic_c, serial_demonic_e,
          serial_demonic_f, serial_demonic_b
D:5:      layout_layer_cave, gup_sewer_entry_bowl
D:6:      minmay_chambers_of_fours, layout_loops_corners,
          grunt_qazlal_sundering, gammafunk_ghost_smash,
          kennysheep_generic_room_8
D:7:      layout_cave_pools, minmay_temple_entry_stoned_glass, serial_shops,
          shop, shop_statue, kennysheep_mini_moat, enter_bailey_2,
          chequers_arboretum, uniq_prince_ribbit1, uniq_pikel
D:8:      layout_layer_cave, erik_lair_orcish_takeover, doesnt_shop_hydraphobe,
          uniq_psyche
Lair:1:   layout_regular_city, serial_bayou_pond_c,
          chequers_serial_rivers_micro_e, st_stairs_6, kennysheep_rathole,
          serial_bayou_shore_a, grunt_megastairs_3, uniq_erica

Skill      XL: |  1  2  3  4  5  6  7  8  9 10 |
---------------+-------------------------------+-----
Stealth        | 3 4 5 6 7 |  7.1
Hexes          | 3 4 5 |  5.2
Dodging        | 2 0 |  0.0
Fighting       | 1 2 3 4 |  4.3
Ice Magic      | 1 2 3 |  3.9
Short Blades   | 2 3 4 |  4.3
Throwing       | 1 2 3 |  3.3
Spellcasting   | 3 4 5 |  5.1
Conjurations   | 1 2 3 |  3.5
Air Magic      | 0 1 2 |  2.9
Poison Magic   | 1 2 3 |  3.5
Evocations     | 1 2 3 |  3.5
Polearms       | 2 3 5 |  5.1
Transmutations | 1 2 3 |  3.2
Fire Magic     | 1 2 3 |  3.1
Unarmed Combat | |  0.1

Action                   |  1- 3 |  4- 6 |  7- 9 | 10-12 || total
-------------------------+-------+-------+-------+-------++-------
Melee: Dagger            |   111 |   153 |    15 |       ||   279
       Tailslap          |    12 |    13 |    13 |     8 ||    46
       Trident           |       |       |    96 |    43 ||   139
       Unarmed           |       |       |       |     3 ||     3
Throw: Dart              |       |     2 |     2 |     1 ||     5
 Cast: Ensorcelled Hiber |    33 |    76 |    12 |     7 ||   128
       Tukima's Dance    |     2 |     8 |    10 |     3 ||    23
       Mephitic Cloud    |       |     1 |     3 |       ||     4
Invok: Sacrifice a Hand  |     1 |       |       |       ||     1
       Sacrifice Nimblen |       |     1 |       |       ||     1
       Power Leap        |       |     1 |       |       ||     1
       Sacrifice Health  |       |     1 |       |       ||     1
       Apocalypse        |       |       |     3 |     4 ||     7
Evoke: Wand              |       |     1 |     2 |       ||     3
       Lightning rod     |       |       |       |     1 ||     1
  Use: Scroll            |     2 |    10 |     6 |       ||    18
       Potion            |     1 |     4 |       |     2 ||     7
 Stab: Sleeping          |    28 |    58 |    12 |     5 ||   103
       Invisible         |     1 |     1 |     1 |       ||     3
       Distracted        |     1 |       |       |     1 ||     2
       Paralysed         |       |     1 |     4 |     3 ||     8
Armor: Skin              |    30 |    86 |   102 |    40 ||   258
Dodge: Dodged            |    61 |   113 |   111 |    30 ||   315
